 Dungeon Crawl Stone Soup version 0.29.1-15-g9cfb28693d (webtiles) character file.

Game seed: 18385400781965226186

19 QwertyIsDirtey the Slasher (level 2, 0/29 HPs)
             Began as a Gnoll Cinder Acolyte on Mar 24, 2023.
             Was a High Priest of Ignis.
             Slain by a quokka (2 damage)
             ... on level 2 of the Dungeon.
             The game lasted 00:02:07 (666 turns).

QwertyIsDirtey the Slasher (Gnoll Cinder Acolyte)    Turns: 666, Time: 00:02:08

Health: 0/29       AC:  2    Str: 13    XL:     2   Next: 75%
Magic:  5/5        EV: 11    Int: 13    God:    Ignis [*****.]
Gold:   33         SH:  0    Dex:  7    Spells: 6/6 levels left

rFire   + . .      SeeInvis .   a - -1 falchion (flame)
rCold   . . .      Faith    .   (no shield)
rNeg    . . .      Spirit   .   b - +0 robe
rPois   .          Reflect  .   (no helmet)
rElec   .          Harm     .   (no cloak)
rCorr   .          Rampage  .   (no gloves)
Will    .....                   (no boots)
Stlth   +.........              (no amulet)
HPRegen 0.09/turn               (no ring)
MPRegen 0.09/turn               (no ring)

@: no status effects
A: fangs 1, strong nose, distributed training
a: Renounce Religion, Fiery Armour, Foxfire Swarm, Rising Flame


You were on level 2 of the Dungeon.
You worshipped Ignis.
Ignis was extremely pleased with you.
You visited 1 branch of the dungeon, and saw 2 of its levels.

You collected 33 gold pieces.

Inventory:

Hand Weapons
 a - a -1 falchion of flaming (weapon)
Missiles
 h - 3 poisoned darts (quivered)
Armour
 b - a +0 robe (worn)
Scrolls
 c - 2 scrolls of enchant armour {unknown}
 d - a scroll of poison {unknown}
 e - a scroll of enchant weapon {unknown}
 g - a scroll of identify {unknown}
Potions
 f - a potion of curing {unknown}


   Skills:
 + Level 6.5 Fighting
 + Level 0.5 Short Blades
 + Level 6.5 Long Blades
 + Level 0.5 Axes
 + Level 0.5 Maces & Flails
 + Level 0.5 Polearms
 + Level 0.5 Staves
 + Level 0.5 Ranged Weapons
 + Level 0.5 Throwing
 + Level 0.5 Armour
 + Level 0.5 Dodging
 + Level 0.5 Stealth
 + Level 0.5 Shields
 + Level 0.5 Unarmed Combat
 + Level 2.7 Spellcasting
 + Level 0.4 Conjurations
 + Level 0.4 Hexes
 + Level 0.4 Summonings
 + Level 0.4 Necromancy
 + Level 0.4 Translocations
 + Level 0.4 Transmutations
 + Level 5.4 Fire Magic
 + Level 0.4 Ice Magic
 + Level 0.4 Air Magic
 + Level 0.4 Earth Magic
 + Level 0.4 Poison Magic
 + Level 0.7 Invocations
 + Level 0.5 Evocations


You had 6 spell levels left.
You didn't know any spells.
Your spell library contained the following spells:

 Spells                   Type           Power      Damage    Failure   Level
 Scorch                   Fire           30%        2d7       3%          2


Dungeon Overview and Level Annotations

Branches:
Dungeon (2/15)

Altars:


Innate Abilities, Weirdness & Mutations

You have very sharp teeth.
Your uncanny sense of smell can sniff out nearby items.
Your experience applies equally to all skills.


Message History

h - 3 poisoned darts The adder hisses angrily.
The quokka attacks as you move away!
The quokka bites you but does no damage.
The quokka bites you. The quokka bites you. The adder bites you.
The quokka closely misses you. The adder barely misses you.
You see here a scroll labelled KUKUJO ROXTIRY.
You miss the adder. The quokka closely misses you. The adder barely misses you.
The hobgoblin hits you but does no damage.
You barely miss the adder. The quokka bites you.
The adder completely misses you.
You closely miss the adder. The quokka closely misses you.
The hobgoblin hits you. The adder bites you.
You are poisoned.
The adder poisons you!
You hit the adder. You burn the adder.
The adder is heavily wounded.
You feel sick. The quokka closely misses you. The adder bites you.
The hobgoblin closely misses you. The quokka barely misses you.
You closely miss the adder.
The adder is heavily wounded.
You feel sick. The adder bites you but does no damage.
The hobgoblin closely misses you. The quokka closely misses you.
The adder bites you.
* * * LOW HITPOINT WARNING * * *
You completely miss the adder.
The adder is heavily wounded.
You feel sick. The hobgoblin barely misses you. The adder closely misses you.
The quokka bites you but does no damage.
You slash the adder! You burn the adder.
You kill the adder!
You feel sick. The hobgoblin hits you.
* * * LOW HITPOINT WARNING * * *
The quokka barely misses you.
You feel sick.
You are no longer poisoned.
The quokka bites you.
You die...

####### ####
##.##..#####..##
#....r?.........
#..##g@##.##..#### #
#..##............ #
.#####..##..##.##..#########
.....?......................
.#####..##..##.##..###.#####
.....#...........##.# #
###.........>.....##.. #
#...............##..####
..S......................


You could see a quokka and a hobgoblin.

Vanquished Creatures
  An adder (D:2)
  A ball python (D:1)
  An endoplasm (D:1)
  A goblin (D:1)
  A hobgoblin (D:1)
  2 kobolds (D:1)
  2 bats (D:1)
  2 frilled lizards (D:1)
11 creatures vanquished.

Notes
Turn   | Place    | Note
-------+----------+-------------------------------------------
     0 | D:1      | QwertyIsDirtey the Gnoll Cinder Acolyte began the quest for
                  | the Orb.
     0 | D:1      | Reached XP level 1. HP: 23/23 MP: 4/4
   370 | D:1      | Reached XP level 2. HP: 27/29 MP: 5/5
   666 | D:2      | Slain by a quokka

Illustrated notes

Levels and vault maps discovered:
D:1:      dpeg_arrival_round_a, layout_basic,
          ebering_ecumenical_altar_abandoned, minmay_liquid_box
D:2:      layout_basic, grunt_decor_resistance

Action                   || total
-------------------------++-------
Melee: Falchion          ||    37
       Bite              ||     2
Armor: Robe              ||    12
Dodge: Dodged            ||    43
